 Dungeon Crawl Stone Soup version 0.32-a0-938-g40ac7a0f4d (webtiles) character file.

Game seed: 16358203580040932418

504 uglyjohn the Agnostic (level 6, -5/46 (52) HPs)
             Began as a Mountain Dwarf Fighter on Apr 15, 2024.
             Slain by a wight
             ... wielding a +3 halberd
              (11 damage)
             ... on level 4 of the Dungeon.
             The game lasted 00:04:33 (2835 turns).

uglyjohn the Agnostic (Mountain Dwarf Fighter)      Turns: 2835, Time: 00:04:34

HP:   -5/46 (52)    AC: 10    Str: 20    XL:     6   Next: 96%
MP:   12/12         EV:  6    Int: 15    God:
Gold: 187           SH:  4    Dex:  9    Spells: 5/5 levels left

rFire   . . .        a - +0 war axe
rCold   . . .        c - +0 buckler
rNeg    . . .        d - +0 chain mail
rPois   +            l - +0 helmet
rElec   +            (no cloak)
rCorr   .            (no gloves)
SInv    .            (no boots)
Will    .....        q - amulet of Autotheism {rElec rPois RegenMP+} Stlth
                     k - +6 ring of intelligence
HPRegen 0.27/turn    (no ring)
MPRegen 0.53/turn

%: no passive effects
@: about to teleport, heavily drained
A: runic magic, artefact enchanting
a: no special abilities


You were on level 4 of the Dungeon.
You visited 1 branch of the dungeon, and saw 4 of its levels.

You collected 187 gold pieces.

Inventory:

Hand Weapons
 a - a +0 war axe (weapon)
Armour
 b - a +0 scale mail
 c - a +0 buckler (worn)
 d - a +0 chain mail (worn)
 l - a +0 helmet (worn)
Jewellery
 k - a +6 ring of intelligence (left hand)
 q - the amulet of Autotheism (around neck) {rElec rPois RegenMP+}
   (You found it on level 3 of the Dungeon)

   [amulet of magic regeneration]

   It increases your rate of magic regeneration.
   rElec:     It insulates you from electricity.
   rPois:     It protects you from poison.
   RegenMP+:  It increases your rate of magic regeneration.
Scrolls
 e - a scroll of poison {unknown}
 f - 2 scrolls of teleportation
 h - 2 scrolls of identify {unknown}
 j - a scroll of enchant weapon {unknown}
 n - 2 scrolls of vulnerability {unknown}
 s - a scroll of torment {unknown}
Potions
 g - a potion of invisibility {unknown}
 i - a potion of curing {unknown}
 m - a potion of enlightenment {unknown}
 o - 2 potions of heal wounds {unknown}
 p - 2 potions of berserk rage {unknown}
 r - a potion of degeneration {unknown}
 t - a potion of ambrosia {unknown}


   Skills:
 - Level 4.1 Fighting
 - Level 2.4 Axes
 - Level 4.0 Armour
 - Level 4.0 Shields
 + Level 8.1 Invocations


You had 5 spell levels left.
You didn't know any spells.
Your spell library contained the following spells:

 Spells                   Type           Power      Damage    Failure   Level
 Cigotuvi's Dreadful Rot  Necr/Alch/Air  0%         N/A       63%         2
 Ignite Poison            Fire/Alch      0%         N/A       99%         4
 Freezing Cloud           Conj/Ice/Air   0%         6-21      100%        5


Dungeon Overview and Level Annotations

Branches:
Dungeon (4/15)
 Temple: D:4-7

Altars:
Elyvilon
Yredelemnul

Annotations:
D:3 1 runed translucent door


Innate Abilities, Weirdness & Mutations

Your spellcasting is much less encumbered by armour.
You can use scrolls of enchantment on lesser artefacts.


Message History

You kill Sigmund!
Your Invocations skill gained 2 levels and is now at level 8!
Things that are here:
a +1 antimagic scythe; a +0 robe; the human corpse of Sigmund You start resting.
Magic restored.
HP restored.
t - a bubbling dark potion
Found a white marble altar of Elyvilon.
A goblin comes into view. It is wielding a +0 club.
The goblin shouts!
The goblin moves out of view.
A goblin is nearby!
The goblin closely misses you.
You closely miss the goblin. The goblin barely misses you.
You closely miss the goblin. You block the goblin's attack. x2
You closely miss the goblin. The goblin hits you but does no damage.
You barely miss the goblin. The goblin hits you but does no damage.
You slash the goblin!
You kill the goblin!
You see here a +0 club.
f - 3 scrolls labelled PYKHLU DEGACUA (gained 1)
A wight is nearby!
A wight is nearby!
The wight hits you with a +3 halberd!
You feel drained.
You hit the wight but do no damage. The wight hits you with a +3 halberd.
You feel drained.
You closely miss the wight. The wight hits you with a +3 halberd!
You feel drained. The wight closely misses you.
The wight hits you with a +3 halberd!
* * * LOW HITPOINT WARNING * * *
You feel drained.
* * * LOW HITPOINT WARNING * * *
Unknown command.
The wight barely misses you.
The wight hits you from afar with a +3 halberd.
* * * LOW HITPOINT WARNING * * *
As you read the scroll labelled PYKHLU DEGACUA, it crumbles to dust.
You feel strangely unstable.
It was a scroll of teleportation.
The wight hits you from afar with a +3 halberd!
You die...

#.########.#####....#
#.......##........##.
#...#.#....####....##
#.#........# #.....# #
#.#.#.#....####....##
.###.#.#........##........
.......#z.#......#.#.#.#.#
.......z.z..####..........
##..#..##@#.# ###.#.#.#.#
#.. #.#.# #........ ....
..... ...#.#.#.#
#.#..#.##.#. ##...^....
#....... ..#.. #.#.#.#.#
......... ... .# .# #####.
##.#. #. ..


You could see 3 wights.

Vanquished Creatures
  Sigmund (D:4)
  Edmund (D:4)
  A phantom (D:3)
  A hound (D:4)
  An iguana (D:4)
  An orc wizard (D:3)
  4 adders (D:3)
  2 dart slugs (D:2)
  2 orcs (D:3)
  2 endoplasms
  3 giant cockroaches
  5 goblins
  4 hobgoblins
  3 kobolds
  4 quokkas
  3 ball pythons
  2 bats (D:2)
  3 frilled lizards
  6 rats
49 creatures vanquished.

Notes
Turn   | Place    | Note
-------+----------+-------------------------------------------
     0 | D:1      | uglyjohn the Mountain Dwarf Fighter began the quest for the
                  | Orb.
     0 | D:1      | Reached XP level 1. HP: 19/19 MP: 1/1
   643 | D:2      | Reached XP level 2. HP: 22/26 MP: 2/2
   650 | D:2      | Reached skill level 1 in Invocations
  1068 | D:3      | Reached XP level 3. HP: 23/33 MP: 4/4
  1482 | D:3      | Found a runed translucent door.
  1482 | D:3      | Noticed a human
  1499 | D:3      | Reached skill level 2 in Invocations
  1499 | D:3      | Reached XP level 4. HP: 9/40 MP: 5/5
  1622 | D:3      | Found a basalt altar of Yredelemnul.
  1894 | D:3      | Identified the amulet of Autotheism {rElec rPois RegenMP+}
  2301 | D:4      | Noticed a phantom
  2305 | D:4      | Reached skill level 3 in Invocations
  2305 | D:4      | Reached XP level 5. HP: 42/46 MP: 7/7
  2336 | D:3      | Killed a phantom
  2337 | D:3      | Reached skill level 5 in Invocations
  2544 | D:4      | Noticed Edmund
  2552 | D:4      | Killed Edmund
  2553 | D:4      | Reached skill level 6 in Invocations
  2553 | D:4      | Reached XP level 6. HP: 16/52 MP: 9/11
  2682 | D:4      | Identified the +1 robe of the Serpent {rF+ Str+3 Dex+2}
  2687 | D:4      | Noticed Sigmund
  2702 | D:4      | Killed Sigmund
  2703 | D:4      | Reached skill level 8 in Invocations
  2769 | D:4      | Found a white marble altar of Elyvilon.
  2835 | D:4      | Slain by a wight

Illustrated notes

Levels and vault maps discovered:
D:1:      dpeg_arrival_concentric_ovals, layout_basic
D:2:      layout_rooms
D:3:      layout_basic, dk_yredelemnul_ordeal, roderic_lattice_a
D:4:      layout_loops_cross, lemuel_doored_altar, elyvilon_altar_1,
          minmay_temple_entry_mini_moons, serial_glass, glass_columns_c,
          glass_columns_a, nrook_mini_vaults, st_stairs_11,
          sigmund_edmund_badplayer

Skill      XL: |  1  2  3  4  5  6 |
---------------+-------------------+-----
Invocations    | 1 2 3 6 8 |  8.1
Fighting       | 4 |  4.1
Armour         | 4 |  4.0
Shields        | 4 |  4.0
Axes           | |  2.4

Action                     |  1- 3 |  4- 6 || total
---------------------------+-------+-------++-------
  Melee: War axe           |    91 |   105 ||   196
    Use: Potion            |       |     1 ||     1
         Scroll            |       |     1 ||     1
 Armour: Scale mail        |    83 |    91 ||   174
         Chain mail        |       |    13 ||    13
  Dodge: Dodged            |    28 |    40 ||    68
  Block: Buckler           |    18 |    28 ||    46

Table legend: (Time is in decaauts)
 A = Elapsed time spent in this place.
 B = Non-inter-level travel time spent in this place.
 C = Inter-level travel time spent in this place.
 D = Time resting spent in this place.
 E = Time spent auto-exploring this place.
 F = Levels seen in this place.
 G = Mean time per level.
                   A        B        C        D        E       F      G
               +--------+--------+--------+--------+--------+-----+--------+
         Total |   2916 |   2782 |    134 |    130 |   2108 |   4 |  729.0 |
       Dungeon |   2916 |   2782 |    134 |    130 |   2108 |   4 |  729.0 |
               +--------+--------+--------+--------+--------+-----+--------+

Top non-repeatable levels by time:
     D:3: 1444 daAuts
     D:1: 598 daAuts
     D:2: 476 daAuts
     D:4: 396 daAuts
